 Dungeon Crawl Stone Soup version 0.20-a0-705-gbe8799e (webtiles) character file.

8 M4edhros the Grasshopper (level 2, 0/19 HPs)
             Began as an Octopode Warper on Feb 21, 2017.
             Was an Initiate of Dithmenos.
             Succumbed to an adder's poison
             ... on level 3 of the Dungeon.
             The game lasted 00:01:20 (196 turns).

M4edhros the Grasshopper (Octopode Warper)           Turns: 196, Time: 00:01:20

Health: 0/19       AC:  1    Str: 10    XL:     2   Next: 8%
Magic:  5/5        EV: 13    Int: 15    God:    Dithmenos [......]
Gold:   67         SH:  0    Dex: 11    Spells: 5/5 levels left

rFire    . . .     SeeInvis .   a - +0 falchion
rCold    . . .     Gourm    .   (no shield)
rNeg     . . .     Faith    .   (helmet restricted)
rPois    .         Spirit   .   (no amulet)
rElec    .         Reflect  .   (no ring)
rCorr    .         Harm     .   (no ring)
MR       .....                  (no ring)
Stlth    ++........             (no ring)
Regen    0.1/turn               (no ring)
MPRegen  0.1/turn               (no ring)
                                (no ring)
                                (no ring)

@: lethally poisoned (0 -> -4), very slightly contaminated
A: almost no armour, stealthy swim, amphibious, 8 rings, constrict 8, camouflage
1, gelatinous body 1
a: Renounce Religion


You were on level 3 of the Dungeon.
You worshipped Dithmenos.
Dithmenos was noncommittal.
You were not hungry.

You visited 1 branch of the dungeon, and saw 3 of its levels.

You collected 67 gold pieces.

Inventory:

Hand Weapons
 a - a +0 falchion (weapon)
 j - a +0 fustibalus
Scrolls
 h - a scroll of enchant weapon {unknown}
 i - a scroll of teleportation {unknown}
Books
 b - a book of Spatial Translocations

   Spells                             Type                      Level
   a - Blink                          Translocation                2
   b - Shroud of Golubria             Charms/Translocation         2
   c - Lesser Beckoning               Translocation                3
   d - Gell's Gravitas                Translocation                3
   e - Teleport Other                 Translocation                3
   f - Passage of Golubria            Translocation                4
Comestibles
 f - a bread ration
 g - a meat ration


   Skills:
 + Level 2.0 Fighting
 + Level 2.1 Long Blades
 - Level 1.0 Throwing
 + Level 2.5 Dodging
 + Level 2.2 Spellcasting
   Level 3.0 Translocations


You had 5 spell levels left.
You didn't know any spells.

Dungeon Overview and Level Annotations

Branches:
Dungeon (3/15)

Altars:
Dithmenos


Innate Abilities, Weirdness & Mutations

You cannot wear most types of armour.
You are very stealthy in the water. (Stealth+)
You are amphibious.
You can wear up to eight rings at the same time.
You can use your tentacles to constrict eight enemies at once.
Your skin changes colour to match your surroundings (Stealth+).
Your rubbery body absorbs attacks. (AC +1, EV +1)


Message History

You feel sick.
* * * LOW HITPOINT WARNING * * *
You feel sick.
* * * LOW HITPOINT WARNING * * *
You feel sick.
There is a stone staircase leading up here.
You aren't carrying any potions.
Okay, then.
Blink to where?
Press: ? - help, Dir - move target cursor, p - adder You are very lightly contaminated with residual magic.
As you read the scroll of blinking, it crumbles to dust.
* * * LOW HITPOINT WARNING * * *
You feel sick.
You climb downwards.
A bat comes into view.
Found a robe.
Found a stone staircase leading down and a stone staircase leading up.
There is a stone staircase leading up here.
You die...

#####
##...##
##⌠.@.⌠##
#...b...#.
#.<[⌠.....#
#.......###
##⌠.>.⌠##
##...##
#####


You could see a bat.

Vanquished Creatures
  2 bats (D:2)
  3 goblins (D:1)
  A hobgoblin (D:2)
  A rat (D:2)
7 creatures vanquished.

Notes
Turn   | Place    | Note
-------+----------+-------------------------------------------
     0 | D:1      | M4edhros the Octopode Warper began the quest for the Orb.
     0 | D:1      | Reached XP level 1. HP: 14/14 MP: 3/3
   136 | D:2      | Found a shadowy altar of Dithmenos.
   149 | D:2      | Became a worshipper of Dithmenos the Shadowed
   175 | D:2      | Reached XP level 2. HP: 16/19 MP: 5/5
   196 | D:3      | Succumbed to an adder's poison

Vault maps used:
D:1:      scummos_arrival_simple_crosswalls, grunt_decor_resistance,
          serial_bayou_pond_a
D:2:      nicolae_dithmenos_shadow_blocks, uniq_natasha, uniq_terence,
          uniq_robin
D:3:      led_sif_book, overflow_temple_1_default, lemuel_round_altar,
          nicolae_overflow_crystal_walls, lemuel_doored_altar,
          grunt_ministairs_7

Action                   || total
-------------------------++-------
Melee: Falchion          ||    10
       Constrict         ||     7
       Tentacles         ||     1
Throw: Tomahawk          ||     5
  Use: Scroll            ||     2
Armor: Skin              ||     3
Dodge: Dodged            ||    18
       Rpst.: Falchion   ||    10
